 Dungeon Crawl Stone Soup version 0.28.0 (webtiles) character file.

Game seed: 17357938664230293686

2251 SnakkuSnakku7 the Basher (level 9, -2/63 HPs)
             Began as a Mummy Cinder Acolyte on Feb 11, 2022.
             Was a High Priest of Ignis.
             Slain by a killer bee (8 damage)
             ... on level 6 of the Dungeon.
             The game lasted 00:10:03 (8475 turns).

SnakkuSnakku7 the Basher (Mummy Cinder Acolyte)     Turns: 8475, Time: 00:10:04

Health: -2/63      AC: 11    Str: 27    XL:     9   Next: 15%
Magic:  11/11      EV:  6    Int: 20    God:    Ignis [*****.]
Gold:   1643       SH:  5    Dex:  7    Spells: 10/10 levels left

rFire   . . .      SeeInvis .   a - +1 eveningstar (flame)
rCold   + . .      Faith    .   o - +0 kite shield
rNeg    + + +      Spirit   .   q - +0 chain mail
rPois   ∞          Reflect  .   d - +0 helmet
rElec   .          Harm     .   u - +0 cloak
rCorr   .          Rampage  .   n - +0 pair of gloves
Will    +....                   (no boots)
Stlth   ..........              (no amulet)
HPRegen 0.20/turn               j - +6 ring of strength
MPRegen 0.12/turn               p - +6 ring of intelligence

@: no status effects
A: cold resistance 1, negative energy resistance 3, torment resistance 2, heat
vulnerability 1, no potions
a: Renounce Religion, Fiery Armour, Foxfire Swarm, Rising Flame


You were on level 6 of the Dungeon.
You worshipped Ignis.
Ignis was extremely pleased with you.
You visited 2 branches of the dungeon, and saw 8 of its levels.

You collected 1643 gold pieces.

Inventory:

Hand Weapons
 a - a +1 eveningstar of flaming (weapon)
 b - a +2 whip of venom
Missiles
 f - 12 poisoned darts (quivered)
Armour
 d - a +0 helmet (worn)
 n - a +0 pair of gloves (worn)
 o - a +0 kite shield (worn)
 q - a +0 chain mail (worn)
 u - a +0 cloak (worn)
Jewellery
 j - a +6 ring of strength (left hand)
 p - a +6 ring of intelligence (right hand)
Wands
 g - a wand of polymorph (6)
 l - a wand of charming (14)
 r - a wand of digging (6)
 s - a wand of flame (6)
Scrolls
 c - a scroll of teleportation {unknown}
 e - 4 scrolls of vulnerability
 h - a scroll of noise {unknown}
 i - a scroll of brand weapon {unknown}
 k - a scroll of identify {unknown}
 m - a scroll of magic mapping {unknown}
 t - a scroll of blinking {unknown}
 v - a scroll of fear {unknown}
 w - a scroll of torment {unknown}


   Skills:
 - Level 3.0 Fighting
 + Level 10.4 Maces & Flails
 - Level 1.3 Spellcasting
 - Level 3.0 Fire Magic


You had 10 spell levels left.
You didn't know any spells.
Your spell library contained the following spells:

 Spells                   Type           Power      Damage    Failure   Level
 Scorch                   Fire           26%        2d6       88%         2
 Animate Skeleton         Necr           2%         N/A       99%         1
 Pain                     Necr           4%         1d4       99%         1
 Conjure Flame            Conj/Fire      7%         6-21      100%        3
 Ignite Poison            Fire/Tmut/Pois 5%         N/A       100%        3
 Vampiric Draining        Necr           1%         2d6       100%        3
 Sticky Flame             Conj/Fire      7%         2d3       100%        4


Dungeon Overview and Level Annotations

Branches:
Dungeon (7/15)             Temple (1/1) D:6

Altars:
Gozag
Makhleb
Wu Jian
Zin

Shops:
D:3 :   D:5 (   D:6 !


Innate Abilities, Weirdness & Mutations

You are immune to poison.
Your flesh is cold resistant. (rC+)
You are immune to negative energy. (rN+++)
You are immune to unholy pain and torment.
You are vulnerable to heat. (rF-)
You do not drink.


Message History

The killer bee stings you but does no damage.
The killer bee stings you. You block the killer bee's attack.
You block the killer bee's attack. You block the killer bee's attack.
The killer bee stings you but does no damage.
The killer bee stings you. The killer bee stings you.
The killer bee barely misses you.
There is a stone staircase leading up here.
The killer bee stings you. You block the killer bee's attack.
The killer bee stings you but does no damage. x2
You climb upwards.
There is a stone staircase leading down here.
Unknown command.
You closely miss the killer bee. The killer bee stings you.
The killer bee stings you but does no damage.
You block the killer bee's attack. x2; The killer bee completely misses you.
You miss the killer bee. You block the killer bee's attack.
The killer bee stings you. x3; The killer bee barely misses you.
Unknown command.
You miss the killer bee.
The killer bee stings you but does no damage.
You block the killer bee's attack.
The killer bee stings you but does no damage.
The killer bee closely misses you. The killer bee stings you!
You are too injured to fight recklessly!
Unknown command.
You are too injured to fight recklessly!
The killer bee stings you! The killer bee stings you.
* * * LOW HITPOINT WARNING * * *
The killer bee stings you.
* * * LOW HITPOINT WARNING * * *
You block the killer bee's attack. The killer bee stings you.
* * * LOW HITPOINT WARNING * * *
Okay, then.
Activating: Foxfire Swarm
Press: ? - help, Dir - look around, f - activate Flames leap up around you!
The killer bee completely misses you. The killer bee stings you!
You die...

..#.#....# ###.##.............##
......#..####.........###.######
..###..............#### #..##
...##..####.....##.# ##..#
.#............#.##.# ##.#
............###.##.# #.##
.##....#..#...vv.vv##### #..#
.##..#.....####v#yv....## ##.#
.##..###......vv@y####..####.##
.#...# ##....##v### ##...##..#
...### ###..##v# ###.###.##
.....# #.^.#.# #.# #..## .....#
#...#.#########.###....
.....######...................#.#
....................######.####.#
.....#####..#...###..# #.####.#
.......#.....##.# ##.## #.......


You could see 2 killer bees.

Vanquished Creatures
  Grinder (D:5)
  Sigmund (D:6)
  Eustachio (D:5)
  A shadow (D:6)
  A water moccasin (D:6)
  Duvessa (D:5)
  4 ogres
  A necrophage (D:6)
  A centaur (D:6)
  Blork the orc (D:6)
  Dowan (D:5)
  A water moccasin skeleton (D:5)
  A howler monkey (D:6)
  4 orc priests
  2 bullfrog skeletons
  2 hounds
  3 jellies
  2 centaur skeletons (D:7)
  Terence (D:2)
  2 iguanas (D:6)
  2 orc wizards (D:4)
  7 adders
  2 white imps
  An adder skeleton (D:4)
  An adder zombie (D:5)
  A worm (D:2)
  5 dart slugs
  13 orcs
  6 bats
  7 endoplasms
  4 giant cockroaches
  5 goblins
  10 hobgoblins
  7 jackals
  8 kobolds
  2 quokkas
  11 ball pythons
  2 frilled lizards (D:1)
  A quokka skeleton (D:4)
  6 rats
133 creatures vanquished.

Vanquished Creatures (collateral kills)
  An endoplasm (D:4)
1 creature vanquished.

Vanquished Creatures (others)
  2 foxfires (D:5)
  4 plants (D:6)
6 creatures vanquished.

Grand Total: 140 creatures vanquished

Notes
Turn   | Place    | Note
-------+----------+-------------------------------------------
     0 | D:1      | SnakkuSnakku7 the Mummy Cinder Acolyte began the quest for
                  | the Orb.
     0 | D:1      | Reached XP level 1. HP: 18/18 MP: 2/2
   269 | D:1      | Reached XP level 2. HP: 17/24 MP: 4/4
   617 | D:1      | Reached skill level 3 in Maces & Flails
   620 | D:1      | Found a faded altar of an unknown god.
   630 | D:1      | Reached XP level 3. HP: 28/29 MP: 5/5
  1557 | D:2      | Reached XP level 4. HP: 33/35 MP: 6/6
  1763 | D:2      | Noticed Terence
  1775 | D:2      | Killed Terence
  1776 | D:2      | Reached skill level 4 in Maces & Flails
  2388 | D:3      | You fall into a shaft and drop 3 floors!
  2599 | D:6      | Reached XP level 5. HP: 8/41 MP: 7/7
  2868 | D:6      | Found a staircase to the Ecumenical Temple.
  2873 | D:6      | Noticed Sigmund
  2892 | Temple   | Entered the Ecumenical Temple
  3021 | D:6      | Killed Sigmund
  3022 | D:6      | Reached skill level 5 in Maces & Flails
  3022 | D:6      | Reached XP level 6. HP: 26/47 MP: 8/8
  3258 | D:6      | Noticed a water moccasin
  3260 | D:5      | Entered Level 5 of the Dungeon
  3261 | D:5      | Noticed Grinder
  3267 | D:5      | Paralysed by Grinder for 4 turns
  3605 | D:4      | Reached skill level 6 in Maces & Flails
  3846 | D:4      | Found a burning altar of Makhleb.
  3847 | D:4      | Noticed a balrug
  3847 | D:4      | Noticed an angel
  4000 | D:4      | HP: 2/47 [acid (10)]
  4432 | D:3      | Found Cimuscheo's Book Shop.
  5286 | D:4      | Reached XP level 7. HP: 38/52 MP: 9/9
  5524 | D:4      | Reached skill level 7 in Maces & Flails
  5669 | D:5      | HP: 1/52 [orc (4)]
  6201 | D:5      | Noticed Dowan
  6251 | D:5      | Paralysed by Grinder for 7 turns
  6272 | D:6      | Noticed a shadow
  6572 | D:5      | Reached skill level 8 in Maces & Flails
  6572 | D:5      | Reached XP level 8. HP: 55/58 MP: 10/10
  6607 | D:5      | Found Fanweh's Weapon Emporium.
  6662 | D:5      | Noticed Duvessa
  6816 | D:5      | Noticed Eustachio
  6837 | D:5      | Killed Eustachio
  6906 | D:5      | Found an opulent altar of Gozag.
  6907 | D:5      | Found an ornate altar of the Wu Jian Council.
  7196 | D:5      | Paralysed by Grinder for 3 turns
  7204 | D:5      | Paralysed by Grinder for 7 turns
  7218 | D:5      | Killed Grinder
  7468 | D:4      | Identified a scroll of acquirement
  7468 | D:4      | Acquired 903 gold pieces
  7533 | D:5      | Killed Duvessa
  7534 | D:5      | Reached skill level 9 in Maces & Flails
  7544 | D:5      | Killed Dowan
  7814 | D:6      | Found Vayczalo's Distillery.
  7919 | D:6      | Acquired a +0 eveningstar of flaming
  7948 | D:6      | Noticed Blork the orc
  7961 | D:6      | Reached skill level 10 in Maces & Flails
  7964 | D:6      | Killed Blork the orc
  7965 | D:6      | Reached XP level 9. HP: 54/63 MP: 11/11
  8385 | D:6      | Acquired 449 gold pieces
  8475 | D:6      | Slain by a killer bee

Illustrated notes

Levels and vault maps discovered:
D:1:      minmay_arrival_solitary_statue, layout_basic,
          nicolae_ecumenical_snake_handling, roderic_malta_cross
D:2:      layout_basic, uniq_terence
D:3:      layout_rooms, serial_shops, nicolae_shop_hallway_plus
D:4:      minmay_spotlight, layout_basic,
          grunt_temple_overflow_order_and_chaos_2, minmay_cupped
D:5:      layout_loops_cross, minitemple, serial_shops,
          nicolae_shop_advertising_works [nicolae_subvault_shop_adworks],
          uniq_grinder, uniq_eustachio, uniq_duvessa
D:6:      layout_rooms, minmay_temple_entry_gardened_gates, serial_shops,
          nicolae_diamond_shop, uniq_sigmund, uniq_blork_the_orc
D:7:      layout_rooms, trog_ov_bears_minmay, minmay_circle_x, uniq_pikel
Temple:   eino_temple_scatter_basement

Skill      XL: |  1  2  3  4  5  6  7  8 |
---------------+-------------------------+-----
Fire Magic     | 3 |  3.0
Maces & Flails | 3 4 5 6 8 10 | 10.4
Fighting       | |  3.0
Spellcasting   | |  1.3

Action                   |  1- 3 |  4- 6 |  7- 9 || total
-------------------------+-------+-------+-------++-------
Melee: Mace              |    14 |       |       ||    14
       Whip              |   104 |   205 |   161 ||   470
       Punch             |       |     1 |       ||     1
       Eveningstar       |       |       |    42 ||    42
Invok: Foxfire Swarm     |       |       |     2 ||     2
Evoke: Wand              |       |     2 |     1 ||     3
  Use: Scroll            |       |       |     7 ||     7
 Stab: Distracted        |     1 |       |       ||     1
Armor: Robe              |    24 |       |       ||    24
       Leather armour    |     3 |       |       ||     3
       Scale mail        |       |    35 |       ||    35
       Chain mail        |       |    42 |   113 ||   155
Dodge: Dodged            |    69 |    88 |    53 ||   210
Block: Kite shield       |       |    23 |    63 ||    86
